 Dungeon Crawl Stone Soup version 0.30-a0-6-g7c9e10e132 (webtiles) character file.

Game seed: 11702255116972049104

312 porpoise the Poker (level 6, 0/48 HPs)
             Began as a Demonspawn Gladiator on Aug 23, 2022.
             Was a Follower of Yredelemnul.
             Slain by a gnoll
             ... wielding a +0 spear
              (7 damage)
             ... on level 3 of the Dungeon.
             The game lasted 00:10:47 (3751 turns).

porpoise the Poker (Demonspawn Gladiator)           Turns: 3751, Time: 00:10:47

Health: 0/48       AC:  4    Str: 16    XL:     6   Next: 18%
Magic:  6/6        EV: 12    Int: 10    God:    Yredelemnul [*.....]
Gold:   191        SH:  0    Dex: 14    Spells: 5/5 levels left

rFire   . . .      SeeInvis .    a - +0 trident
rCold   . . .      Faith    .    (no shield)
rNeg    . . .      Spirit   .    b - +0 leather armour
rPois   .          Reflect  .    (helmet restricted)
rElec   .          Harm     .    g - +0 cloak
rCorr   .          Rampage  .    (no gloves)
Will    .....                    (no boots)
Stlth   +.........               (no amulet)
HPRegen 0.16/turn                (no ring)
MPRegen 0.20/turn                (no ring)

@: no status effects
A: antennae 2, foul stench 1, magic regeneration
a: Renounce Religion, Recall Undead Harvest


You were on level 3 of the Dungeon.
You worshipped Yredelemnul.
Yredelemnul was noncommittal.
You visited 1 branch of the dungeon, and saw 3 of its levels.

You collected 191 gold pieces.

Inventory:

Hand Weapons
 a - a +0 trident (weapon)
Missiles
 d - 2 throwing nets (quivered)
 e - a javelin
 p - 8 poisoned darts
 y - 3 boomerangs
Armour
 b - a +0 leather armour (worn)
 g - a +0 cloak (worn)
 u - the +2 robe "Piabud" {Harm rCorr}
   (You found it on level 3 of the Dungeon)

   rCorr:     It protects you from acid and corrosion.
   Harm:      It increases damage dealt and taken.
Jewellery
 m - a ring of fire
Wands
 v - a wand of flame (12)
Scrolls
 c - a scroll of enchant weapon {unknown}
 f - 11 scrolls of identify {unknown}
 h - 4 scrolls of teleportation {unknown}
 k - 2 scrolls of poison {unknown}
 l - a scroll of magic mapping {unknown}
 q - a scroll of noise {unknown}
 x - a scroll of amnesia {unknown}
Potions
 i - a potion of ambrosia {unknown}
 j - 2 potions of flight {unknown}
 n - 3 potions of heal wounds {unknown}
 o - a potion of degeneration {unknown}
 r - a potion of attraction {unknown}
 s - 2 potions of invisibility {unknown}
 t - a potion of might {unknown}
 w - a potion of mutation {unknown}


   Skills:
 + Level 4.0 Fighting
 * Level 5.4 Polearms
 - Level 1.7 Throwing
 - Level 2.6 Dodging


You had 5 spell levels left.
You didn't know any spells.
Your spell library contained the following spells:

 Spells                   Type           Power      Damage    Failure   Level
 Beastly Appendage        Tmut           0%         N/A       43%         1
 Wereblood                Tmut           0%         N/A       56%         2
 Ozocubu's Armour         Ice            0%         N/A       80%         3
 Spider Form              Tmut/Pois      0%         N/A       80%         3
 Ozocubu's Refrigeration  Ice            0%         4d7       100%        7


Dungeon Overview and Level Annotations

Branches:
Dungeon (3/15)

Altars:
Yredelemnul

Annotations:
D:2 Sigmund


Innate Abilities, Weirdness & Mutations

You have a pair of antennae on your head.
You may rarely emit foul miasma when damaged in melee.
You regenerate magic rapidly.


Message History

Your jackal zombie barely misses the jackal.
Something hits your jackal zombie!
Your jackal zombie is destroyed!
Your howler monkey zombie hits the orc.
The orc dies!
The dead are walking!
Your jackal zombie closely misses the jackal.
The jackal closely misses your howler monkey zombie.
Your howler monkey zombie hits the jackal.
Reach: a) +0 trident
Press: ? - help, Dir - move target, f - jackal
Aim: a jackal (severely wounded, not watching you, ally target, about 45% to evade your +0 trident)
You reach to attack!
You completely miss the jackal.
The jackal is severely wounded.
Your jackal zombie bites the jackal.
Your jackal zombie bites the jackal but does no damage.
The jackal bites your howler monkey zombie.
Your orc zombie hits the jackal.
The gnoll closely misses you.
Your howler monkey zombie hits the jackal.
The jackal dies!
The jackal bites your jackal zombie.
Reach: a) +0 trident
Press: ? - help, Dir - move target, f - gnoll
Aim: a gnoll, wielding a +0 spear (ally target, about 35% to evade your +0 trident)
You reach to attack!
You completely miss the gnoll.
Your jackal zombie misses the jackal.
The jackal bites your jackal zombie.
The gnoll hits you from afar with a +0 spear.
* * * LOW HITPOINT WARNING * * *
Your orc zombie hits the jackal but does no damage.
Your howler monkey zombie hits the gnoll but does no damage.
Your jackal zombie closely misses the jackal.
Reach: a) +0 trident
Press: ? - help, Dir - move target, f/p - gnoll
Aim: a gnoll, wielding a +0 spear (ally target, about 35% to evade your +0 trident)
You reach to attack!
You hit the gnoll.
The gnoll is moderately wounded.
The jackal barely misses your jackal zombie.
The gnoll hits you from afar with a +0 spear!
You die...
Your body rises from the dead as a mindless zombie.

#<# #. #.# #.# #.# #.# #
######.## ########## #####
#####...#...## #Z.......# #....
...Z.ZZ......# #@######.# #Z##.
##.##........###Z######.# #Z#.#
.#.#######Z#...gZZ..Z##.# #{##.
...#######)#.###Z###o##{#####Z###
.........Z.ZZ..Zh..){{ZZ.ZZ...ZZZ
≈≈~~Z~~~~~≈Z...~~~~)ZZ~ZZZZ~~≈~ZZ
≈≈≈≈~≈≈≈≈≈~....~~≈≈≈≈≈≈Z≈≈≈≈≈≈≈≈≈
~~~≈≈≈~~~~~....≈~~~≈~~o~~~~#####≈
....^.......o..............#{o.#≈


You could see a gnoll (ally target), a jackal (ally target), 2 friendly jackal
zombies, a friendly endoplasm zombie, a friendly kobold zombie, a friendly orc
zombie and a friendly howler monkey zombie.

Vanquished Creatures
  2 howler monkeys (D:3)
  Terence (D:2)
  2 gnolls (D:3)
  5 adders
  A worm (D:2)
  3 dart slugs
  5 orcs (D:3)
  5 ball pythons
  4 bats
  7 endoplasms
  4 giant cockroaches
  6 goblins
  7 hobgoblins
  6 jackals (D:3)
  7 quokkas
  6 frilled lizards
  6 kobolds
  7 rats
84 creatures vanquished.

Vanquished Creatures (collateral kills)
  A hound (D:3)
  A gnoll (D:3)
  An orc (D:3)
  6 jackals (D:3)
  A kobold (D:3)
  A rat (D:3)
11 creatures vanquished.

Vanquished Creatures (others)
  2 adder zombies (D:3)
  A bat zombie (D:3)
  A giant cockroach zombie (D:3)
  A gnoll zombie (D:3)
  A hobgoblin zombie (D:3)
  6 jackal zombies (D:3)
  2 orc zombies (D:3)
  A quokka zombie (D:3)
  A rat zombie (D:3)
  A fungus (D:3)
  5 plants (D:3)
22 creatures vanquished.

Grand Total: 117 creatures vanquished

Notes
Turn   | Place    | Note
-------+----------+-------------------------------------------
     0 | D:1      | porpoise the Demonspawn Gladiator began the quest for the
                  | Orb.
     0 | D:1      | Reached XP level 1. HP: 16/16 MP: 1/1
   122 | D:1      | Reached skill level 3 in Polearms
   256 | D:1      | Gained mutation: You have a pair of small antennae on your
                  | head. [demonic ancestry]
   256 | D:1      | Reached XP level 2. HP: 22/22 MP: 2/2
  1166 | D:1      | Gained mutation: You regenerate magic rapidly. [demonic
                  | ancestry]
  1166 | D:1      | Reached XP level 3. HP: 28/28 MP: 3/3
  1266 | D:2      | Noticed Terence
  1279 | D:2      | Killed Terence
  1544 | D:2      | Reached skill level 4 in Polearms
  1544 | D:2      | Noticed Sigmund
  1673 | D:2      | Reached XP level 4. HP: 34/34 MP: 4/4
  2479 | D:3      | Found a basalt altar of Yredelemnul.
  2486 | D:3      | Became a worshipper of Yredelemnul the Dark
  2797 | D:3      | Reached * piety under Yredelemnul
  2914 | D:3      | Identified the +2 robe "Piabud" {Harm rCorr}
  2960 | D:3      | Reached ** piety under Yredelemnul
  2961 | D:3      | Gained mutation: You may rarely emit foul miasma when
                  | damaged in melee. [demonic ancestry]
  2961 | D:3      | Reached XP level 5. HP: 33/41 MP: 5/5
  3348 | D:3      | Reached skill level 5 in Polearms
  3376 | D:3      | Gained mutation: You have a pair of antennae on your head.
                  | [demonic ancestry]
  3376 | D:3      | Reached XP level 6. HP: 29/48 MP: 6/6
  3382 | D:3      | Reached *** piety under Yredelemnul
  3751 | D:3      | Slain by a gnoll

Illustrated notes

Levels and vault maps discovered:
D:1:      matt_arrival_spirals, layout_basic
D:2:      layout_loops_ring, mrwooster_statue_mirror,
          kennysheep_generic_room_11, uniq_terence, uniq_sigmund
D:3:      lemuel_castle_with_subvaults [lemuel_castle_interior_carwin_2],
          layout_loops_corners, yredelemnul_altar_generic, minmay_quadrilaterals

Skill      XL: |  1  2  3  4  5  6 |
---------------+-------------------+-----
Polearms       | 3 4 5 |  5.4
Fighting       | 3 4 |  4.0
Throwing       | |  1.7
Dodging        | |  2.6

Action                   |  1- 3 |  4- 6 || total
-------------------------+-------+-------++-------
Melee: Trident           |   100 |   183 ||   283
       Punch             |       |     3 ||     3
Throw: Throwing net      |     2 |       ||     2
 Stab: Held in net/web   |     2 |       ||     2
       Sleeping          |       |     2 ||     2
       Distracted        |       |     2 ||     2
Armor: Leather armour    |    17 |    37 ||    54
Dodge: Dodged            |    39 |    95 ||   134

Table legend: (Time is in decaauts)
 A = Elapsed time spent in this place.
 B = Non-inter-level travel time spent in this place.
 C = Inter-level travel time spent in this place.
 D = Time resting spent in this place.
 E = Time spent auto-exploring this place.
 F = Levels seen in this place.
 G = Mean time per level.
                   A        B        C        D        E       F      G
               +--------+--------+--------+--------+--------+-----+--------+
         Total |   3784 |   3688 |     96 |    992 |   1874 |   3 | 1261.3 |
       Dungeon |   3784 |   3688 |     96 |    992 |   1874 |   3 | 1261.3 |
               +--------+--------+--------+--------+--------+-----+--------+

Top non-repeatable levels by time:
     D:3: 1291 daAuts
     D:1: 1257 daAuts
     D:2: 1236 daAuts
